 Dungeon Crawl Stone Soup version 0.27-a0-607-g1ad3dbde53 (webtiles) character file.

Game seed: 5608205671191960890

3929 Gaff the Grappler (level 10, -8/96 HPs)
             Began as a Troll Warper on Mar 13, 2021.
             Was an Elder of Cheibriados.
             Mangled by an orc knight
             ... wielding a +0 war axe
              (41 damage)
             ... in a bailey.
             The game lasted 00:25:49 (6901 turns).

Gaff the Grappler (Troll Warper)                    Turns: 6901, Time: 00:25:50

Health: -8/96      AC:  6    Str: 33    XL:     10   Next: 1%
Magic:  0/12       EV: 14    Int: 18    God:    Cheibriados [****..]
Gold:   374        SH:  0    Dex: 24    Spells: 8/13 levels left

rFire    + . .     SeeInvis .     - Unarmed
rCold    . . .     Faith    .   (no shield)
rNeg     . . .     Spirit   +   x - +2 robe {rF+}
rPois    .         Reflect  .   (helmet restricted)
rElec    .         Harm     .   (no cloak)
rCorr    .         Rampage  .   (gloves unavailable)
Will     +....                  (boots unavailable)
Stlth    ++........             E - amulet of guardian spirit
HPRegen  1.26/turn              j - ring of willpower
MPRegen  0.13/turn              C - +6 ring of dexterity

@: very slow
A: large, unfitting armour, claws 3, regeneration 1, shaggy fur 1, tough skin 1
a: Renounce Religion, Bend Time, Temporal Distortion, Slouch


You were in a bailey.
You worshipped Cheibriados.
Cheibriados was greatly pleased with you.
You visited 2 branches of the dungeon, and saw 9 of its levels.
You also visited: Sewer and Bailey.

You collected 374 gold pieces.

Inventory:

Hand Weapons
 r - a +2 dagger of venom
Missiles
 d - 5 boomerangs of dispersal (quivered)
 s - 17 poisoned darts
 u - 8 boomerangs
 w - a throwing net
 G - 4 atropa-tipped darts
 K - a curare-tipped dart
Armour
 a - a +0 robe
 t - a +1 robe of positive energy
 x - a +2 robe of fire resistance (worn)
 z - a +2 kite shield
Jewellery
 j - a ring of willpower (right claw)
 C - a +6 ring of dexterity (left claw)
 E - an amulet of guardian spirit (around neck)
Wands
 y - a wand of mindburst (13)
 A - a wand of iceblast (12)
 I - a wand of acid (9)
Scrolls
 f - a scroll of enchant armour {unknown}
 g - 2 scrolls of fear {unknown}
 l - a scroll of torment {unknown}
 m - 2 scrolls of fog
 B - a scroll of random uselessness {unknown}
 D - 4 scrolls of teleportation {unknown}
 F - 4 scrolls of enchant weapon
 J - a scroll of immolation {unknown}
Potions
 b - a potion of might {unknown}
 e - 2 potions of heal wounds
 h - 4 potions of flight {unknown}
 i - 2 potions of mutation {unknown}
 k - 2 potions of resistance {unknown}
 n - a potion of invisibility {unknown}
 o - 6 potions of curing {unknown}
 p - a potion of ambrosia {unknown}
 q - a potion of attraction
 v - a potion of lignification
 H - 2 potions of magic


   Skills:
 + Level 5.5 Fighting
 - Level 0.8 Throwing
 + Level 5.6 Dodging
 + Level 2.3 Shields
 * Level 10.1 Unarmed Combat
 + Level 2.3 Spellcasting
 + Level 3.2 Translocations


You had 8 spell levels left.
You knew the following spells:

 Your Spells              Type           Power      Damage    Failure   Level
a - Blink                 Tloc           N/A        N/A       7%          2
b - Teleport Other        Tloc           13%        N/A       14%         3

Your spell library contained the following spells:

 Spells                   Type           Power      Damage    Failure   Level
 Gell's Gravitas          Tloc           6%         N/A       14%         3
 Lesser Beckoning         Tloc           6%         N/A       14%         3
 Foxfire                  Conj/Fire      8%         2x1d4     19%         1
 Manifold Assault         Tloc           13%        N/A       43%         4
 Conjure Flame            Conj/Fire      2%         6-21      47%         3
 Inner Flame              Hex/Fire       2%         N/A       47%         3
 Sticky Flame             Conj/Fire      2%         2d3       87%         4
 Fireball                 Conj/Fire      1%         3d3       99%         5


Dungeon Overview and Level Annotations

Branches:
Dungeon (8/15)             Temple (1/1) D:5           Sewer (visited)
 Bailey (1/1)
   Lair: D:8-11

Altars:
Ashenzari
Cheibriados
Dithmenos
Elyvilon
Fedhas
Gozag
Hepliaklqana
Kikubaaqudgha
Makhleb
Nemelex Xobeh
Okawaru
Qazlal
Ru
Sif Muna
Trog
Uskayaw
Vehumet
Wu Jian
Xom
Yredelemnul
Zin

Shops:
D:4 *   D:5 *   D:7 [


Innate Abilities, Weirdness & Mutations

You are too large for most types of armour.
You have claws for hands.
Your natural rate of healing is unusually fast.
You are covered in fur. (AC +1)
You have tough skin. (AC +1)


Message History

Aim: an orc warrior, wielding a +0 war axe and wearing a +3 ring mail (lightly wounded, strong, 36% to evade)
The bolt of acid hits the orc knight.
The orc knight is splashed with acid.
The acid corrodes the orc knight!
The orc knight is heavily wounded.
The bolt of acid hits the hobgoblin.
The hobgoblin is splashed with acid.
The acid corrodes the hobgoblin!
You kill the hobgoblin!
Cheibriados thoroughly appreciates the change of pace.
The bolt of acid misses the orc warrior.
You mangle the orc knight!!
The orc knight is almost dead.
The orc knight hits you with a +0 war axe!
* * * LOW HITPOINT WARNING * * *
The orc knight hits you with a +0 war axe!
* * * LOW HITPOINT WARNING * * *
You completely miss the orc knight. You claw the orc knight.
The orc knight is almost dead.
The orc knight hits you with a +0 war axe!!
* * * LOW HITPOINT WARNING * * *
The orc knight roars a battlecry!
The orc warrior goes into a battle-frenzy!
Blink to where?
Press: ? - help, Dir - move target, p - orc warrior
As you read the scroll of blinking, it crumbles to dust.
There is an open door, spattered with blood here.
Items here: ))))))) [[[[[[[ †††.
Things that are here:
a +0 war axe; a +0 leather armour; an orc corpse The orc knight roars a battlecry!
The orcs go into a battle-frenzy!
The orc knight roars a battlecry!
The orc knight goes into a battle-frenzy!
There is an open gate here.
The orc knight roars a battlecry!
The orc knight hits you with a +0 war axe!!
* * * LOW HITPOINT WARNING * * *
It was a potion of heal wounds.
You feel much better.
The orc warrior hits you but does no damage.
The orc knight hits you with a +0 war axe!!!
You die...

♣♣♣♣♣♣♣
♣♣♣...♣.♣♣♣
♣♣.♣.......♣
♣..........♣♣
♣♣....∩.....♣
♣@.........♣
♣oo..∩.....♣
♣♣........♣♣
♣........♣♣
♣♣##o')##♣
##..g).##
#....)..#
##...o...##
#o..).....#


You could see 2 orc knights, 2 orc warriors and a hobgoblin.

Vanquished Creatures
  Sigmund (D:4)
  A yak (D:7)
  3 orc warriors
  An ice beast (D:5)
  4 ogres
  A necrophage (D:8)
  A centaur (D:5)
  2 phantoms
  3 kobold brigands
  6 bullfrogs
  A gnoll sergeant (D:6)
  3 scorpions
  A water moccasin skeleton (D:8)
  6 killer bees (D:8)
  4 wights (D:5)
  A centaur zombie (D:6)
  A quasit (D:8)
  3 hounds
  3 orc priests
  Crazy Yiuf (D:7)
  2 jellies (D:7)
  2 bullfrog skeletons
  Jessica (D:2)
  7 orc wizards
  8 worker ants
  A hound zombie (D:3)
  A worker ant zombie (D:7)
  A howler monkey skeleton (D:6)
  16 gnolls
  13 adders
  2 river rats (Sewer)
  A shadow imp (D:5)
  2 white imps
  2 ufetubi
  2 oozes
  2 adder zombies
  An adder skeleton (D:4)
  2 worms (D:3)
  3 dart slugs
  6 leopard geckos
  28 orcs
  4 bats
  11 giant cockroaches
  22 goblins
  20 hobgoblins
  7 jackals
  A quokka (D:2)
  4 frilled lizards (D:1)
  A giant cockroach zombie (D:3)
  A jackal zombie (D:7)
  16 kobolds
  2 leopard gecko skeletons (D:4)
  A quokka skeleton (D:7)
  7 rats
247 creatures vanquished.

Vanquished Creatures (others)
  2 fungi (D:7)
2 creatures vanquished.

Grand Total: 249 creatures vanquished

Notes
Turn   | Place    | Note
-------+----------+-------------------------------------------
     0 | D:1      | Gaff the Troll Warper began the quest for the Orb.
     0 | D:1      | Reached XP level 1. HP: 19/19 MP: 1/1
    45 | D:1      | Reached XP level 2. HP: 23/27 MP: 2/2
    55 | D:1      | Reached skill level 3 in Unarmed Combat
    59 | D:1      | Learned a level 2 spell: Blink
   298 | D:1      | Reached XP level 3. HP: 33/33 MP: 3/3
   538 | D:2      | Found a radiant altar of Vehumet.
   543 | D:2      | Found a burning altar of Makhleb.
   645 | D:2      | Noticed Jessica
   655 | D:2      | Killed Jessica
   656 | D:2      | Reached skill level 4 in Unarmed Combat
   755 | D:2      | Reached XP level 4. HP: 26/41 MP: 4/4
  1313 | D:3      | Reached skill level 5 in Unarmed Combat
  1401 | D:3      | Reached XP level 5. HP: 49/49 MP: 5/5
  1473 | D:3      | Found a basalt altar of Yredelemnul.
  2029 | D:3      | Reached XP level 6. HP: 55/59 MP: 6/6
  2226 | D:4      | Noticed Sigmund
  2233 | D:4      | Killed Sigmund
  2234 | D:4      | Reached skill level 6 in Unarmed Combat
  2288 | D:4      | Found a shadowy altar of Dithmenos.
  2374 | D:4      | Found Zin's Purification Station.
  2375 | D:4      | Found a glowing silver altar of Zin.
  2687 | D:4      | You fall into a shaft and drop 3 floors!
  2697 | D:7      | Reached XP level 7. HP: 65/67 MP: 7/7
  3154 | D:6      | Found an ancient bone altar of Kikubaaqudgha.
  3154 | D:6      | Found a hazy altar of Hepliaklqana.
  3159 | D:6      | Found an iron altar of Okawaru.
  3161 | D:6      | Found a shimmering altar of Xom.
  3163 | D:6      | Found a broken altar of Ashenzari.
  3212 | D:6      | Reached skill level 7 in Unarmed Combat
  3282 | D:5      | Entered Level 5 of the Dungeon
  3304 | D:5      | Found a glowing drain.
  3330 | Sewer    | Entered a sewer
  3334 | Sewer    | Reached XP level 8. HP: 78/78 MP: 8/8
  3478 | Sewer    | Found a white marble altar of Elyvilon.
  3552 | D:5      | Found a shimmering blue altar of Sif Muna.
  3586 | D:5      | Found Qoyge's Assorted Antiques.
  3643 | D:5      | Found a staircase to the Ecumenical Temple.
  3648 | Temple   | Entered the Ecumenical Temple
  3961 | Temple   | Became a worshipper of Cheibriados the Contemplative
  4050 | D:5      | Reached skill level 8 in Unarmed Combat
  5337 | D:7      | Found Picarhes's Armour Boutique.
  5390 | D:7      | Found an ornate altar of the Wu Jian Council.
  5397 | D:7      | Reached skill level 9 in Unarmed Combat
  5466 | D:7      | Reached * piety under Cheibriados
  5596 | D:7      | Reached XP level 9. HP: 85/85 MP: 9/9
  5621 | D:7      | Reached skill level 5 in Dodging
  5853 | D:7      | Reached skill level 5 in Fighting
  5853 | D:7      | Reached skill level 1 in Shields
  6190 | D:7      | Found a runed translucent door.
  6191 | D:7      | Noticed Crazy Yiuf
  6197 | D:7      | Killed Crazy Yiuf
  6432 | D:7      | Reached ** piety under Cheibriados
  6676 | D:8      | Reached *** piety under Cheibriados
  6677 | D:8      | Reached skill level 10 in Unarmed Combat
  6706 | D:8      | Found a flagged portal.
  6718 | Bailey   | Entered a bailey
  6761 | Bailey   | Learned a level 3 spell: Teleport Other
  6837 | Bailey   | Reached **** piety under Cheibriados
  6838 | Bailey   | Reached XP level 10. HP: 87/96 MP: 10/12
  6857 | Bailey   | Noticed an orc knight
  6860 | Bailey   | Noticed an orc knight
  6886 | Bailey   | HP: 3/96 [orc knight/+0 war axe (27)]
  6901 | Bailey   | Mangled by an orc knight

Illustrated notes

Levels and vault maps discovered:
D:1:      lightli_iron_boxes, layout_basic, serial_bayou_pond_e
D:2:      layout_loops_ring, minitemple, uniq_jessica
D:3:      layout_loops_cross, nicolae_yredelemnul_corpse_copse, minmay_vboxes
D:4:      layout_loops_ring, zin_purify, overflow_temple_1_default, uniq_sigmund
D:5:      layout_gridville, kennysheep_little_box, minmay_temple_entry_ruins,
          serial_shops, shop, portal_sewer_entry_f, minmay_joined_circles
D:6:      layout_basic, chequers_temple_overflow_minitemple
D:7:      cheibrodos_barr_body, layout_basic, general_overflow_altar,
          serial_shops, nicolae_shop_crystal, minivault_4,
          uniq_crazy_yiuf_cottage
D:8:      layout_basic, enter_bailey_3, minmay_hollow_rounded_squares
Temple:   compressed_dpeg_triangle_lava_temple
Bailey:   bailey_axe_minmay_hex_keep, bailey

Skill      XL: |  1  2  3  4  5  6  7  8  9 |
---------------+----------------------------+-----
Unarmed Combat | 3 4 5 6 7 9 10 | 10.1
Dodging        | 2 3 4 5 |  5.6
Fighting       | 2 3 4 5 |  5.5
Shields        | 2 |  2.3
Spellcasting   | 2 |  2.3
Translocations | 3 |  3.2
Throwing       | |  0.8

Action                   |  1- 3 |  4- 6 |  7- 9 | 10-12 || total
-------------------------+-------+-------+-------+-------++-------
Melee: Unarmed           |    95 |   152 |   421 |    22 ||   690
       Punch             |       |     1 |    10 |     1 ||    12
 Cast: Blink             |       |       |       |     2 ||     2
Evoke: Wand              |       |       |       |     1 ||     1
  Use: Scroll            |       |       |     6 |     1 ||     7
       Potion            |       |       |       |     1 ||     1
Armor: Robe              |    33 |    30 |   116 |     1 ||   180
Dodge: Dodged            |    43 |    75 |   233 |     7 ||   358

Table legend: (Time is in decaauts)
 A = Elapsed time spent in this place.
 B = Non-inter-level travel time spent in this place.
 C = Inter-level travel time spent in this place.
 D = Time resting spent in this place.
 E = Time spent auto-exploring this place.
 F = Levels seen in this place.
 G = Mean time per level.
                   A        B        C        D        E       F      G
               +--------+--------+--------+--------+--------+-----+--------+
         Total |   7763 |   7497 |    266 |    277 |   4488 |  11 |  705.7 |
       Dungeon |   6977 |   6711 |    266 |    234 |   4175 |   8 |  872.1 |
        Temple |    333 |    333 |      0 |      0 |    279 |   1 |  333.0 |
         Sewer |    224 |    224 |      0 |     30 |     34 |   1 |  224.0 |
        Bailey |    228 |    228 |      0 |     13 |      0 |   1 |  228.0 |
               +--------+--------+--------+--------+--------+-----+--------+

Top non-repeatable levels by time:
     D:7: 1489 daAuts
     D:5: 1136 daAuts
     D:6: 1047 daAuts
     D:3: 896 daAuts
     D:2: 745 daAuts
     D:4: 705 daAuts
     D:1: 519 daAuts
     D:8: 437 daAuts
  Temple: 333 daAuts
  Bailey: 228 daAuts
   Sewer: 224 daAuts
